[Event "CCT Chesscom Classic-D1 2024"]
[Site "Online"]
[Date "2024.05.11"]
[Round "2"]
[White "Carlsen, Magnus"]
[Black "Lazavik, Denis"]
[Result "1-0"]
[ECO "E05"]
[WhiteElo "2830"]
[BlackElo "2572"]
[Annotator "TA"]
[PlyCount "139"]
[EventDate "2024.05.08"]
[EventType "k.o."]
[EventCountry "NET"]
[SourceTitle "playchess.com"]
[Source "ChessBase"]
[SourceQuality "1"]
[TimeControl "600+2"]

1. d4 Nf6 2. c4 e6 3. Nf3 d5 4. g3 Be7 5. Bg2 O-O 6. O-O dxc4 7. h4 {[%emt 0:00:02] E05: Open Catalan: 5 Nf3 Be7.} c5 8. dxc5 Bxc5 $146 ({Predecessor:} 8... Qxd1 9. Rxd1 Bxc5 10. Ne5 Nc6 11. Nxc4 Nd5 12. Nc3 Nxc3 13. bxc3 e5 14. Rd5 Be7 15. Nxe5 Nxe5 16. Rxe5 {1-0 Van Foreest,J (2707)-Kryvoruchko,Y (2656) EU-Cup 38th Durres 2023 (4.4)}) 9. Qc2 Nbd7 10. Nc3 Qc7 11. Bf4 e5 12. Bd2 h6 13. a4 a6 14. Ne4 Nxe4 15. Qxe4 Rb8 16. a5 b5 17. axb6 Qxb6 18. Bc3 Bb7 19. Qf5 e4 20. Qxd7 exf3 21. Qg4 $1 (21. Bxf3 Bxf3 22. exf3 Bb4 $11) (21. exf3 Rfd8 22. Qg4 Bd4 $11) 21... Qg6 22. Bxf3 (22. Qxc4 Qxg3 (22... fxg2 $2 23. Qxc5 gxf1=B 24. Kxf1 $19) 23. exf3 Bxf3) 22... Bxf3 23. exf3 ({Of course not} 23. Qxf3 Bb4 $11) 23... Qxg4 24. fxg4 Bb4 25. Rxa6 Bxc3 26. bxc3 Rb3 27. Rc1 Re8 28. Kg2 Re2 ({Black should play} 28... Rb2) 29. Rc6 (29. Ra8+ $142 $1 Kh7 30. Ra7) 29... Rbb2 $16 30. Rf1 ({And not} 30. Rxc4 Rxf2+ 31. Kg1 Rg2+ 32. Kf1 Rbf2+ (32... Rxg3 33. h5 $17) 33. Ke1 Rf3 34. Rc8+ Kh7 $17) 30... Rec2 31. Rc8+ Kh7 32. Rxc4 Rb3 33. Rf4 f6 34. Ra1 Rbxc3 35. Raa4 Rc7 36. Rfe4 Rd7 37. Ra5 Rcd2 38. Raa4 Rc2 $1 39. Rf4 (39. Rad4 $16 Rxd4 40. Rxd4) 39... Rcd2 (39... Rdc7 $1 $11) 40. Rfb4 Re2 41. Rb8 Rdd2 42. Rf4 Re7 43. Rb5 Red7 44. Rff5 Kg6 45. g5 (45. h5+ $16 Kh7 46. Ra5) 45... hxg5 $11 46. hxg5 Re7 47. gxf6 gxf6 48. Rf4 Rd6 49. Rg4+ Kf7 50. Rh5 Re2 51. Rh7+ Ke6 52. Rf4 Ra2 $2 {[%emt 0:00:02] [#]} ({Black should try} 52... Red2 $1 $14) 53. g4 $1 $18 Ra5 54. Kg3 Re5 55. Ra4 Rd3+ 56. f3 Ree3 57. Ra6+ Rd6 58. Ra4 Rdd3 $1 {[%emt 0:00:02] [#]} 59. Rf4 $1 Rd6 60. Rf5 $2 ({Better is} 60. Rh6 $18 Ke7 61. Rb4) 60... Re5 $2 (60... Rd5 $14) 61. Rxe5+ Kxe5 62. f4+ Ke6 63. f5+ Ke5 64. Re7+ Kd5 65. g5 fxg5 66. Kg4 Rd8 67. f6 Rg8 68. f7 Rf8 69. Kxg5 Kd6 70. Kf6 1-0

[Event "CCT Chesscom Classic-D1 2024"]
[Site "Online"]
[Date "2024.05.11"]
[Round "2"]
[White "Duda, Jan-Krzysztof"]
[Black "Keymer, Vincent"]
[Result "0-1"]
[ECO "A29"]
[WhiteElo "2734"]
[BlackElo "2726"]
[Annotator "TA"]
[PlyCount "98"]
[EventDate "2024.05.08"]
[EventType "k.o."]
[EventCountry "NET"]
[SourceTitle "playchess.com"]
[Source "ChessBase"]
[SourceQuality "1"]
[TimeControl "600+2"]

1. c4 Nf6 2. Nc3 e5 3. Nf3 Nc6 4. g3 Bb4 5. Bg2 O-O 6. Nd5 e4 7. Nh4 d6 8. O-O g5 {[%emt 0:00:07] The position is equal.} 9. d4 $1 h6 10. Nxb4 Nxb4 11. f3 gxh4 12. Bxh6 {[%emt 0:00:26] [#]} h3 13. Bh1 $14 e3 {[%emt 0:00:33] Prevents Qd2.} 14. Qb3 $1 a5 15. Qxe3 Nh7 {[%emt 0:00:20] Inhibits Qg5+.} 16. Bxf8 Qxf8 17. Qd2 {[%emt 0:00:04] Inhibits Nc2.} Qg7 18. a3 (18. f4 $16) 18... Nc6 $11 19. Rfd1 a4 20. Rac1 f5 {[%emt 0:00:08][%mdl 1024] Black has compensation.} 21. Rc3 Bd7 22. Qf4 Nf6 23. Qh4 {[%emt 0:00:22] White is weak on the light squares} Re8 24. Kf1 (24. e3 $11) 24... Nh7 {[%emt 0:00:23] Black is more active.} ({Black should try} 24... b5 $17 {...Na5 is the strong threat.} 25. cxb5 Ne7) 25. c5 {[%emt 0:00:43] [#]} (25. Rdd3 $11) 25... d5 (25... Nf6 $1 $17 26. d5 (26. cxd6 cxd6 27. Rcc1 Qg6 $17) 26... Ne5) 26. f4 (26. Kf2 $11 {keeps the balance.}) 26... Nf6 $17 (26... Nxd4 27. Bxd5+ Kf8 28. Rcd3 $16) 27. Qxh3 Ne4 (27... Na5 $17 28. Bf3 Nc4) 28. Bxe4 $11 Rxe4 ({Much weaker is} 28... dxe4 $6 29. d5 Ne7 30. d6 cxd6 31. cxd6 $16) 29. e3 Ne7 30. Qh5 Kf8 31. b3 (31. Kg1 $11) 31... axb3 32. Rxb3 Be8 33. Qe2 Ba4 34. Rxb7 (34. Rdb1 $15 Bxb3 35. Rxb3) 34... Bxd1 $17 35. Qxd1 Rxe3 36. Qh5 {[%emt 0:00:04] White threatens Rb8+ and mate.} Qg6 ({And not} 36... Rxa3 37. Rb8+ (37. Rxc7 Qxd4 38. Qh6+ Ke8 $11) (37. Rxc7 Qxd4 38. Qh6+ Ke8 $17)) (36... Qg4 $17 37. Qxg4 fxg4 38. Rxc7 Rxa3) 37. Qxg6 $11 Nxg6 38. Rxc7 Rxa3 {[%emt 0:00:03][%mdl 4096] Endgame. KRN-KR} 39. Rd7 Ne7 40. Kg2 Ra4 41. Kh3 $2 {[%emt 0:00:04][%mdl 8192] This costs White the game.} (41. h4 $1 $11 {and White is okay.}) 41... Rxd4 $19 42. Kh4 Rc4 43. Kg5 Rxc5 44. h4 Kf7 {[%emt 0:00:03] ...Rc3 would now be deadly.} 45. g4 (45. h5 $142) 45... Rc3 {[%emt 0:00:10] And now ...Rg3 would win.} 46. gxf5 Rg3+ 47. Kh6 Kf6 48. Kh7 Rh3 49. Rd6+ Kf7 {[%emt 0:00:01] Weighted Error Value: White=0.53/Black=0.28 (precise) .  Loses game:     	White=1     	---        Mistake:       	White=7     	Black=5      Inaccurate:     	White=5     	Black=1      OK:         	White=12    	Black=14     Best:        	White=4     	Black=7      Strong:       	White=2     	---} 0-1

[Event "CCT Chesscom Classic-D1 2024"]
[Site "Online"]
[Date "2024.05.11"]
[Round "2"]
[White "Keymer, Vincent"]
[Black "Duda, Jan-Krzysztof"]
[Result "1/2-1/2"]
[ECO "A13"]
[WhiteElo "2726"]
[BlackElo "2734"]
[Annotator "TA"]
[PlyCount "134"]
[EventDate "2024.05.08"]
[EventType "k.o."]
[EventCountry "NET"]
[SourceTitle "playchess.com"]
[Source "ChessBase"]
[SourceQuality "1"]
[TimeControl "600+2"]

1. Nf3 Nf6 2. c4 e6 3. Nc3 d5 4. e3 Be7 5. b3 O-O 6. Bb2 c5 7. cxd5 exd5 8. d4 {[%emt 0:00:02] A13: English Opening: 1...e6.} Nc6 9. Be2 Ne4 10. dxc5 Qa5 {[%emt 0:00:07] is the new trend.} 11. Rc1 Bf6 12. Nd4 Nxc5 13. Nxc6 bxc6 14. O-O Ne4 15. Qc2 Nxc3 16. Bxc3 Bxc3 17. Qxc3 Qxa2 18. Rc2 Qa3 19. Ra1 Qe7 20. Qxc6 Be6 21. Qc5 Qxc5 22. Rxc5 Rab8 23. Rb5 Rxb5 24. Bxb5 Rb8 25. Rxa7 Kf8 $146 ({Predecessor:} 25... g6 26. Ra5 d4 27. exd4 Bxb3 28. f3 Rd8 29. Ra3 Bd1 30. Kf2 Rxd4 31. Rd3 {½-½ Duda,J (2758)-Predke,A (2676) Wch Rapid Moscow 2019 (7)}) 26. Ba4 d4 27. exd4 Bxb3 28. h3 Bxa4 29. Rxa4 Rb1+ 30. Kh2 Rb3 31. g3 h5 32. Kg2 g6 33. h4 Ke7 34. Kf1 Rb2 35. Ke1 Ke6 36. Ra6+ Kd5 37. Ra7 Kxd4 (37... Ke6 $11) 38. Rxf7 $14 Ke5 39. Rf4 Ra2 40. Kf1 Ke6 41. Kg2 Ra3 42. Rf3 Ra4 43. Rf8 Ke7 44. Rc8 Ra3 45. Rc4 (45. Rc6 $5 Kf7 $8 46. Rd6 $11) 45... Kf6 46. Re4 Rb3 47. Re3 Rb5 48. Ra3 Kg7 49. Kf3 Rf5+ 50. Ke3 Re5+ 51. Kd4 Re2 52. Rf3 Kg8 53. Kd3 Ra2 54. Ke4 Kg7 55. Rf4 Re2+ 56. Kf3 Ra2 57. Rd4 Kf6 58. Ke3 Ra6 59. Kf4 Rb6 60. f3 Ra6 61. Rc4 Rb6 62. Ra4 Rc6 63. g4 hxg4 $1 64. fxg4 g5+ 65. hxg5+ Kg6 66. Ra5 Rc4+ 67. Kg3 Rc1 1/2-1/2

[Event "CCT Chesscom Classic-D1 2024"]
[Site "Online"]
[Date "2024.05.11"]
[Round "2"]
[White "Keymer, Vincent"]
[Black "Duda, Jan-Krzysztof"]
[Result "1-0"]
[ECO "E62"]
[WhiteElo "2726"]
[BlackElo "2734"]
[Annotator "ChessBase"]
[PlyCount "147"]
[EventDate "2024.05.08"]
[EventType "k.o."]
[EventCountry "NET"]
[SourceTitle "playchess.com"]
[Source "ChessBase"]
[SourceQuality "1"]
[TimeControl "600+2"]

1. Nf3 Nf6 2. c4 g6 3. Nc3 Bg7 4. g3 O-O 5. Bg2 d6 6. d4 c6 7. e4 Qa5 8. O-O Be6 9. Qd3 Qa6 10. d5 Bg4 11. Nd4 Nfd7 12. b3 Nc5 13. Qd2 Qb6 14. Bb2 a5 15. h3 Bd7 16. Nce2 a4 17. Rfb1 Nba6 18. Bc3 Bxh3 19. b4 Bxg2 20. bxc5 Qxc5 21. Kxg2 Qxc4 22. Nf3 Bxc3 23. Nxc3 Nc5 24. Rh1 f6 25. Rh4 e5 26. Rah1 Rf7 27. dxc6 bxc6 28. Rc1 Qe6 29. Qh6 Rg7 30. Rb1 d5 31. exd5 cxd5 32. Rhb4 Rf8 33. Rb8 d4 34. Rxf8+ Kxf8 35. Rb8+ Kf7 36. Nxa4 Nd7 37. Rb7 Qc6 38. Nc5 Kg8 39. Rxd7 Rxd7 40. Nxd7 Qxd7 41. Qd2 Qd5 42. Qb2 Kg7 43. Qb3 Qe4 44. Kg1 d3 45. Qd1 Qd5 46. a4 e4 47. Nd2 h5 48. Nf1 Qa5 49. Qa1 g5 50. Qd4 Qf5 51. a5 h4 52. a6 h3 53. Nd2 Qa5 54. Nxe4 Qxa6 55. Kh2 Kg6 56. Kxh3 f5 57. Nc5 Qc6 58. Kh2 d2 59. Nb3 d1=Q 60. Qxd1 Qb6 61. Nd4 Kf6 62. Qd3 Qc5 63. Qe3 Qd5 64. Nf3 g4 65. Nh4 Qb5 66. Qh6+ Ke7 67. Qg7+ Kd8 68. Qf6+ Kc7 69. Qxf5 Qe2 70. Qf4+ Kc6 71. Ng2 Qd1 72. Ne3 Qd8 73. Nxg4 Kb6 74. Qf6+ 1-0

[Event "CCT Chesscom Classic-D1 2024"]
[Site "Online"]
[Date "2024.05.11"]
[Round "2"]
[White "Lazavik, Denis"]
[Black "Carlsen, Magnus"]
[Result "1/2-1/2"]
[ECO "D31"]
[WhiteElo "2572"]
[BlackElo "2830"]
[Annotator "TA"]
[PlyCount "167"]
[EventDate "2024.05.08"]
[EventType "k.o."]
[EventCountry "NET"]
[SourceTitle "playchess.com"]
[Source "ChessBase"]
[SourceQuality "1"]
[TimeControl "600+2"]

1. d4 d5 2. c4 e6 3. Nf3 a6 4. cxd5 exd5 5. Nc3 h6 6. Bf4 Nf6 7. e3 Bd6 8. Be5 {[%emt 0:00:13] White has an edge.} c6 9. Bd3 O-O 10. h3 Re8 11. O-O Bxe5 12. Nxe5 c5 13. a4 cxd4 (13... Qa5 {seems wilder.} 14. Qf3 cxd4 15. b4 Qxb4 16. Nxd5 Qd6) 14. exd4 Nc6 15. Nxc6 bxc6 16. a5 Rb8 17. Qd2 Ne4 18. Nxe4 dxe4 19. Bc4 Qd6 20. Rfe1 c5 21. d5 Bd7 22. Rac1 f5 23. Qc3 f4 24. Bf1 Rbc8 25. Qb3 {[%emt 0:00:50] [#]} e3 $1 26. fxe3 f3 27. e4 {[%emt 0:00:18] [#]} (27. gxf3 $11 Qg3+ 28. Bg2) 27... f2+ $1 $17 28. Kxf2 Qh2 29. Qe3 $2 (29. Bxa6 $2 Rf8+ 30. Ke2 Rb8 $19) (29. d6+ $17 Kh8 30. Be2 (30. Bxa6 $2 Rf8+ 31. Ke2 Rb8 $19) 30... Rf8+ 31. Bf3) 29... Rb8 $1 $19 {[%emt 0:00:02] White must now prevent ...Rf8+.} 30. b3 (30. Rxc5 $2 Rxb2+ 31. Re2 Rf8+ 32. Ke1 Rb1+ 33. Kd2 Rfxf1 $19 (33... Rbxf1 $2 34. Qd4 $19)) (30. Qxc5 Rf8+ (30... Rxb2+ $2 31. Rc2 $19) 31. Ke2 Rxb2+ 32. Rc2 Rxc2+ 33. Qxc2 Bb5+ (33... Bxh3 34. Kd1 $17) 34. Kd1 Bxf1 $19 (34... Rxf1 $2 35. Rxf1 Bxf1 36. Qc8+ Kf7 37. Qf5+ Kg8 38. Qxf1 $18)) 30... Rf8+ $2 (30... Rb4 $1 $19 {has better winning chances.} 31. Rxc5 Rf8+ 32. Ke2 Qb8 (32... Bb5+ 33. Rxb5 Rxb5 34. Kd1 $11)) 31. Ke2 $17 {[%emt 0:00:02][%cal Oe2d2] [#]} c4 $1 32. bxc4 (32. Rxc4 Bb5 33. Qd3 Bxc4 34. Qxc4 Qg3 $19) 32... Rb2+ (32... Qe5 $5 33. Rc3 $8 Rf4 $11 (33... Rb2+ 34. Kd3 $11)) 33. Kd3 Qe5 34. Rc3 {[%emt 0:00:04] Against Rb3} (34. Qd4 $2 Rd2+ 35. Kxd2 Qxd4+ 36. Bd3 Qb2+ 37. Rc2 Qb4+ 38. Rc3 Ba4 $19 (38... Qxa5 $2 39. e5 $19)) 34... Ba4 (34... Rbf2 $1 $15 35. Be2 Rxg2) 35. Be2 {[%emt 0:00:10] [#]} (35. Qc1 $1 $11 Rff2 36. Re2 Rbxe2 37. Bxe2 Rxg2 38. Qf1 (38. Qe3 $2 Rg3 $19) 38... Rg3+ 39. Bf3) 35... Rf2 $3 $40 {[%emt 0:01:24][%mdl 640] White needs to defend precisely.} 36. Qc1 $1 $11 (36. Qxf2 Bc2+ 37. Kd2 Bxe4+ 38. Kd1 Qxc3) 36... Rxg2 $2 37. Qxb2 $16 Rg3+ 38. Kd2 $2 (38. Bf3 $16 Rxf3+ 39. Re3) 38... Qd4+ 39. Bd3 {[%emt 0:00:03] [#]} Rxd3+ $1 40. Rxd3 $19 Qxb2+ 41. Ke3 Bc2 42. Re2 Qc1+ 43. Rdd2 Qg1+ (43... Bb3 44. d6 Qg1+ (44... Bxc4 45. d7 $15) 45. Kf3 Qf1+ (45... Bxc4 46. d7 $11) 46. Ke3 Qxh3+ (46... Bxc4 47. d7 $17) 47. Kd4) 44. Rf2 Qe1+ 45. Rfe2 {[%emt 0:00:01] [#]} Qg1+ (45... Qc1 $1 $19 {And now ...Ba4 would win.} 46. d6 Ba4) 46. Rf2 $17 {[%emt 0:00:01] [#]} Ba4 (46... Bb3 $1 $17 47. c5 Qg3+ 48. Kd4 Qb8 (48... Qxh3 49. c6 $11)) 47. c5 $15 Qc1 48. c6 (48. Kd4 $1 $11 {was the only way to keep the balance.}) 48... Qc5+ 49. Kf3 Bb5 $2 (49... Qxa5 $19 {Strongly threatening ...Qc3+.} 50. Rd3 Qc5) 50. Rc2 $1 $11 Qa3+ 51. Kg2 (51. Kf4 $5) 51... Bd3 (51... Qxa5 52. c7 Bd7 53. c8=B (53. c8=R+ Bxc8 54. Rxc8+ Kh7 $11) 53... Bxc8 54. Rxc8+ Kh7 55. Re2 $16) 52. c7 Bxe4+ 53. Kh2 Qd6+ 54. Kg1 Qg3+ 55. Rg2 $1 Qe3+ (55... Bxg2 56. c8=Q+ (56. c8=B {leads to mate.} Be4+ 57. Kf1 Bd3+ 58. Re2 Qf3+ 59. Kg1 Qxe2 60. h4 Be4 61. Be6+ Kf8 62. Bh3 Qe1+ 63. Bf1 Qg3+) 56... Kh7 57. Qf5+ (57. Rxg2 Qe1+ 58. Kh2 Qe5+ 59. Rg3 Qe2+ 60. Kg1 Qe1+ 61. Kg2 Qe2+ 62. Kh1 Qe4+ 63. Rg2 Qe1+ 64. Kh2 Qe5+ 65. Rg3 Qe2+ 66. Kg1 Qe1+ 67. Kg2 Qe2+ 68. Kg1 $11) 57... Qg6 58. Qxg6+ Kxg6 59. Kxg2 h5 60. Re2 (60. Rc6+ Kf5 61. Rxa6 Ke5 62. d6 Kf6 63. Rb6 h4 64. a6 g5)) 56. Kh2 {[%emt 0:00:00] Some like it hot} Qf4+ 57. Rg3 Bf5 {[%emt 0:00:04][%cal Of5c8] ...Bc8! would now be deadly.} 58. c8=Q+ Bxc8 59. Rxc8+ {[%emt 0:00:00][%mdl 4096] Endgame. KQ-KRR} Kh7 60. Rcc3 Qd2+ 61. Kg1 Qxd5 62. Ra3 (62. Rc7 $11 Qd4+ (62... Qxa5 63. Rcxg7+ Kh8 64. Rg8+ Kh7 65. R3g7#) 63. Kg2) 62... g5 (62... h5 $17) 63. Rgd3 $1 $15 Qc5+ 64. Kg2 Kg6 65. Rdc3 (65. Rac3 $11 Qxa5 66. Rc6+ Kh5 67. Rdd6 Qa2+ 68. Kg1 Qb1+ 69. Kg2 Qe4+ 70. Kf2 Qf4+ 71. Kg2 Qe4+ 72. Kh2 Qe2+ 73. Kg1 Qe1+ 74. Kh2 Qe2+ 75. Kg1 Qe3+ 76. Kh2 Qf2+ 77. Kh1 Qf3+ 78. Kh2 Qe2+) 65... Qd5+ $17 66. Rf3 Kh5 67. Kg3 Qd4 68. Kg2 {[%emt 0:00:02] Prevents Qg1+.} Kh4 69. Rg3 h5 {[%emt 0:00:02] Prevents Rg4+} 70. Rgf3 g4 71. hxg4 hxg4 72. Rg3 Qd2+ 73. Kf1 Kg5 74. Rgd3 Qc1+ 75. Kg2 Qb2+ 76. Kf1 Qb4 (76... Qe5 $17) 77. Kg2 (77. Rd5+ $1 $11 {remains equal.} Kh4 78. Rad3) 77... Kf4 78. Kf2 Qb2+ 79. Kf1 Ke4 (79... Qb5 $17) 80. Rg3 (80. Kg1 $11 {keeps the balance.}) 80... Qc1+ 81. Kf2 Qd2+ {[%emt 0:00:01] Black is better.} 82. Kf1 Kf4 83. Rgd3 Qc1+ 84. Kf2 {[%emt 0:00:01] Weighted Error Value: White=0.23 (precise) /Black=0.40.  Loses game:     	White=2     	---        Missed win:     	---       	Black=3      Mistake:       	White=7     	Black=7      Inaccurate:     	White=2     	Black=4      OK:         	White=25    	Black=32     Best:        	White=9     	Black=8      Strong:       	White=4     	Black=1      Brilliant:      	---       	Black=2} 1/2-1/2